 Dungeon Crawl Stone Soup version 0.28.0-53-g5a82cb258f (webtiles) character file.

Game seed: 5534749868619510109

150 jjjjhere the Cutter (level 5, -2/32 HPs)
             Began as a Kobold Berserker on Aug 17, 2022.
             Was a Believer of Trog.
             Slain by an orc
             ... wielding a +0 hand axe
              (5 damage)
             ... on level 4 of the Dungeon.
             The game lasted 00:03:27 (2880 turns).

jjjjhere the Cutter (Kobold Berserker)              Turns: 2880, Time: 00:03:28

Health: -2/32      AC:  2    Str: 16    XL:     5   Next: 58%
Magic:  3/5        EV: 14    Int:  9    God:    Trog [**....]
Gold:   71         SH:  0    Dex: 14    Spells: 4/4 levels left

rFire   . . .      SeeInvis .   m - +1 short sword (holy)
rCold   . . .      Faith    .   (no shield)
rNeg    . . .      Spirit   .   b - +0 animal skin
rPois   .          Reflect  .   (no helmet)
rElec   .          Harm     .   (no cloak)
rCorr   .          Rampage  .   (no gloves)
Will    .....                   (no boots)
Stlth   ++........              (no amulet)
HPRegen 0.10/turn               (no ring)
MPRegen 0.09/turn               (no ring)

@: confused, mighty
A: small, no large weapons, nightstalker 3
a: Renounce Religion, Berserk, Trog's Hand


You were on level 4 of the Dungeon.
You worshipped Trog.
Trog was pleased with you.
You visited 1 branch of the dungeon, and saw 4 of its levels.

You collected 110 gold pieces.
You spent 39 gold pieces at shops.

Inventory:

Hand Weapons
 m - a +1 short sword of holy wrath (weapon)
Missiles
 k - 16 poisoned darts (quivered)
Armour
 b - a +0 animal skin (worn)
Scrolls
 d - 2 scrolls of amnesia {unknown}
 e - a scroll of magic mapping {unknown}
 f - 3 scrolls of identify {unknown}
 g - 5 scrolls of teleportation
 h - a scroll of immolation {unknown}
 i - a scroll of noise {unknown}
 j - a scroll of fog {unknown}
 l - a scroll of vulnerability {unknown}
 p - a scroll of blinking {unknown}
Potions
 a - a potion of flight {unknown}
 c - a potion of might
 n - a potion of mutation {unknown}
 o - a potion of lignification {unknown}


   Skills:
 - Level 3.2 Fighting
 + Level 6.1 Short Blades
 - Level 1.5 Armour
 - Level 2.4 Dodging
 + Level 4.8 Stealth


You had 4 spell levels left.
You didn't know any spells.
Your spell library was empty.

Dungeon Overview and Level Annotations

Branches:
Dungeon (4/15)
 Temple: D:4-7

Altars:

Shops:
D:3 :=*?


Innate Abilities, Weirdness & Mutations

You are small and have problems with some larger weapons.
You are completely attuned to the shadows.


Message History

You hit the gnoll.
The gnoll is heavily wounded.
The gnoll barely misses you.
An orc comes into view. It is wielding a +0 hand axe.
The gnoll barely misses you.
The gnoll hits you from afar with a +2 antimagic halberd.
An orc wizard comes into view. It is wielding a +0 dagger.
The gnoll throws a stone.
The stone misses you.
The orc wizard gestures at you while chanting.
You are confused.
There is a stone staircase leading up here.
The gnoll throws a stone.
The stone hits you.
The gnoll hits you from afar with a +0 spear.
In your confused state, you trip and fall back down the stairs.
A gnoll comes into view. It is wielding a +0 whip.
The gnoll throws a stone.
The stone misses you. The orc hits you with a +0 hand axe.
An adder comes into view.
Unknown command.
Unknown command.
Unknown command.
The adder hisses angrily.
You hear a shout!
The orc hits you with a +0 hand axe. The gnoll closely misses you.
In your confused state, you trip and fall back down the stairs.
The gnoll hits you from afar with a +2 antimagic halberd!
* * * LOW HITPOINT WARNING * * *
You feel your power leaking away.
The orc wizard points at you and mumbles some strange words.
The magic dart hits you.
* * * LOW HITPOINT WARNING * * *
The gnoll closely misses you. The orc barely misses you.
Unknown command.
Unknown command.
It was a potion of might.
You feel very mighty all of a sudden.
An orc wizard comes into view. It is wielding a +0 dagger.
The orc wizard hits you but does no damage.
The gnoll throws a stone.
The stone completely misses you. The orc hits you with a +0 hand axe.
You die...

.#.... ##.... .##.##
.# .. .#.. #... #
.... ....### .#
.....#.# #....####.#.
..#....####.#...#....
..#.#..........[@o...
........###.###.#oS..
.....†.........ggg.o.
##.......†..####....#
.............. .$.o..
####.......####......
######### ##.##..


You could see 2 orc wizards, 2 gnolls, an adder and 2 orcs.

Vanquished Creatures
  A scorpion (D:4)
  3 adders
  A dart slug (D:1)
  9 endoplasms
  3 giant cockroaches (D:1)
  6 goblins
  9 hobgoblins
  4 jackals (D:1)
  A quokka (D:2)
  8 ball pythons
  2 bats
  4 frilled lizards (D:1)
  6 kobolds
  3 rats (D:1)
60 creatures vanquished.

Notes
Turn   | Place    | Note
-------+----------+-------------------------------------------
     0 | D:1      | jjjjhere the Kobold Berserker began the quest for the Orb.
     0 | D:1      | Reached XP level 1. HP: 14/14 MP: 1/1
    37 | D:1      | Reached skill level 1 in Stealth
   100 | D:1      | Reached XP level 2. HP: 19/19 MP: 2/2
   404 | D:1      | Reached XP level 3. HP: 20/23 MP: 3/3
   738 | D:1      | Reached ** piety under Trog
   753 | D:1      | Reached skill level 5 in Short Blades
  1054 | D:2      | Reached XP level 4. HP: 28/28 MP: 4/4
  1646 | D:3      | Found Tuiripou's Magic Scroll Shop.
  1660 | D:3      | Bought a scroll of teleportation for 39 gold pieces
  1707 | D:3      | Found Afownuipp's Assorted Antiques.
  1802 | D:3      | Found Reheohe's Book Boutique.
  1888 | D:3      | Found Zuos's Jewellery Boutique.
  2541 | D:4      | Noticed a scorpion
  2548 | D:4      | Killed a scorpion
  2549 | D:4      | Reached skill level 6 in Short Blades
  2549 | D:4      | Reached XP level 5. HP: 24/32 MP: 5/5
  2553 | D:4      | HP: 8/32 [poisoned by a scorpion]
  2558 | D:3      | HP: 5/32 [poisoned by a scorpion]
  2879 | D:4      | HP: 6/32 [gnoll/+2 antimagic halberd (9)]
  2880 | D:4      | Slain by an orc

Illustrated notes

Levels and vault maps discovered:
D:1:      dpeg_arrival_short_road, layout_basic
D:2:      layout_basic
D:3:      layout_basic, serial_shops, nicolae_diamond_shop, nicolae_shop_trees,
          shop, nicolae_shop_behind_doors
D:4:      layout_rooms

Skill      XL: |  1  2  3  4 |
---------------+-------------+-----
Stealth        | 1 2 3 4 |  4.8
Short Blades   | 5 6 |  6.1
Fighting       | |  3.2
Armour         | |  1.5
Dodging        | |  2.4

Action                   |  1- 3 |  4- 6 || total
-------------------------+-------+-------++-------
Melee: Short sword       |    69 |    49 ||   118
Invok: Berserk           |       |     1 ||     1
       Trog's Hand       |       |     1 ||     1
  Use: Potion            |       |     1 ||     1
 Stab: Sleeping          |    22 |    14 ||    36
       Distracted        |       |     1 ||     1
Armor: Animal skin       |     8 |     4 ||    12
Dodge: Dodged            |    29 |    29 ||    58
